 Dungeon Crawl Stone Soup version 0.18.1-48-g4cf74bf (webtiles) character file.

191 RickumRackum the Ruffian (level 5, 0/53 HPs)
             Began as a Troll Berserker on Aug 21, 2016.
             Was a Believer of Trog.
             Slain by a gnoll
             ... wielding a +2 halberd of chopping
              (9 damage)
             ... on level 3 of the Dungeon.
             The game lasted 00:23:12 (1864 turns).

RickumRackum the Ruffian (Troll Berserker)          Turns: 1864, Time: 00:23:13

Health: 0/53       AC:  5    Str: 25 (26) XL:     5   Next: 41%
Magic:  4/4        EV: 10    Int:  5      God:    Trog [**....]
Gold:   80         SH:  0    Dex:  9      Spells: 0 memorised, 4 levels left

rFire  x . .     SeeInvis .       - Unarmed
rCold  + . .     Gourm    +     a - +0 animal skin
rNeg   . . .     Faith    .     (no shield)
rPois  .         Spirit   .     (helmet restricted)
rElec  .         Dismiss  .     (no cloak)
rCorr  .         Reflect  .     (gloves unavailable)
SustAt .         Harm     .     (boots unavailable)
MR     .....                    d - amulet of the gourmand
Stlth  +.........               c - +2 ring of intelligence
                                e - ring of ice

@: exhausted, slowed, very slow, not resistant to hostile enchantments, very
unstealthy
A: unfitting armour, claws 3, fast metabolism 3, gourmand, regeneration 2,
shaggy fur 1, tough skin 2
a: Berserk, Trog's Hand, Burn Spellbooks, Renounce Religion


You were on level 3 of the Dungeon.
You worshipped Trog.
Trog was pleased with you.
You were very full.

You visited 1 branch of the dungeon, and saw 3 of its levels.

You collected 80 gold pieces.

Inventory:

Missiles
 i - 41 stones (quivered)
Armour
 a - a +0 animal skin (worn)
Jewellery
 c - a +2 ring of intelligence (right claw)
 d - an amulet of the gourmand (around neck)
 e - a ring of ice (left claw)
Wands
 j - a wand of teleportation (4/9)
Scrolls
 k - a scroll of teleportation
 l - 2 scrolls of remove curse
Potions
 m - a potion of agility {unknown}
Comestibles
 b - 2 bread rations
 f - 3 meat rations
 g - 4 chunks of flesh
 h - 9 fruits


   Skills:
 + Level 3.6 Fighting
 + Level 3.4 Dodging
 + Level 4.2 Unarmed Combat


You had 4 spell levels left.
You didn't know any spells.

Dungeon Overview and Level Annotations

Branches:
Dungeon (3/15)

Altars:
Ru


Innate Abilities, Weirdness & Mutations

You are too large for most types of armour.
You have claws for hands.
Your metabolism is lightning-fast.
You like to eat raw meat.
You heal very quickly.
You are covered in fur (AC +1).
You have very tough skin (AC +2).


Message History

You are exhausted.
You feel yourself slow down.
The gnoll hits you from afar with a halberd!
The gnoll closely misses you. The gnoll barely misses you.
The gnoll closely misses you.
You claw the gnoll!
You kill the gnoll!
Trog accepts your kill.
The gnoll hits you from afar with a halberd of chopping!
* * * LOW HITPOINT WARNING * * *
The gnoll misses you.
You scratch the gnoll.
The gnoll is lightly wounded.
The gnoll misses you. The gnoll completely misses you.
You claw the gnoll!
The gnoll is almost dead.
The gnoll hits you with a club.
* * * LOW HITPOINT WARNING * * *
The gnoll hits you from afar with a halberd of chopping!
You die...

#[#. .# #.....
#.#########.....
#.........#.....
#########.#.....
#.#...<. #.#
#...### #.#
#.....#
#.#.####%"#
#.#....@..#
#.######gg#######
#........).......
#########..######
...... ###.####
?. #.# .#


You could see 2 gnolls.

Vanquished Creatures
  Jessica (D:2)
  An orc wizard (D:2)
  5 gnolls (D:3)
  3 adders (D:2)
  An ooze (D:1)
  2 worms (D:2)
  A dart slug (D:2)
  A giant gecko (D:3)
  A ball python (D:1)
  5 giant cockroaches
  4 goblins
  6 hobgoblins
  A jackal (D:2)
  5 kobolds
  2 quokkas
  8 bats
  4 giant newts
  8 rats
59 creatures vanquished.

Notes
Turn   | Place    | Note
--------------------------------------------------------------
     0 | D:1      | RickumRackum the Troll Berserker began the quest for the Orb.
     0 | D:1      | Reached XP level 1. HP: 22/22 MP: 0/0
   211 | D:1      | Reached XP level 2. HP: 29/29 MP: 1/1
   600 | D:1      | Reached XP level 3. HP: 36/36 MP: 2/2
   757 | D:2      | Reached ** piety under Trog
  1171 | D:2      | Found a sacrificial altar of Ru.
  1179 | D:2      | Reached XP level 4. HP: 43/45 MP: 3/3
  1282 | D:2      | Reached skill level 4 in Unarmed Combat
  1448 | D:2      | Noticed Jessica
  1457 | D:2      | Killed Jessica
  1471 | D:2      | Reached XP level 5. HP: 53/53 MP: 4/4
  1864 | D:3      | Slain by a gnoll

Skill      XL: |  1  2  3  4 |
---------------+-------------+-----
Fighting       | 3 |  3.6
Dodging        | 3 |  3.4
Unarmed Combat | 4 |  4.2

Action                   |  1- 3 |  4- 6 || total
-------------------------+-------+-------++-------
Melee: Unarmed           |    90 |    47 ||   137
       Punch             |     2 |     1 ||     3
Throw: Stone             |       |     1 ||     1
Invok: Trog's Hand       |     1 |     1 ||     2
       Berserk           |       |     2 ||     2
  Use: Scroll            |     3 |     1 ||     4
       Potion            |     5 |       ||     5
 Stab: Invisible         |       |     1 ||     1
       Paralysed         |       |     1 ||     1
  Eat: Chunk             |    17 |     7 ||    24
Armor: Animal skin       |    36 |    16 ||    52
Dodge: Dodged            |    42 |    31 ||    73
